 Dungeon Crawl Stone Soup version 0.29-a0-577-gafbf2c5d25 (webtiles) character file.

Game seed: 8529867659246870136

539 testman the Chopper (level 7, -8/63 HPs)
             Began as a Meteoran Fighter on June 13, 2022.
             Was an Initiate of Makhleb.
             Mangled by a two-headed ogre
             ... wielding a +0 giant club
              (16 damage)
             ... on level 5 of the Dungeon.
             The game lasted 00:07:23 (1280 turns).

testman the Chopper (Meteoran Fighter)              Turns: 1280, Time: 00:07:24

Health: -8/63      AC:  7    Str: 19    XL:     7   Next: 81%
Magic:  10/10      EV:  9    Int:  9    God:    Makhleb [......]
Gold:   173        SH:  6    Dex: 21    Spells: 6/6 levels left

rFire   . . .      SeeInvis .   a - +1 war axe
rCold   . . .      Faith    .   c - +0 buckler
rNeg    . . .      Spirit   .   b - +0 scale mail
rPois   .          Reflect  .   (no helmet)
rElec   .          Harm     .   (no cloak)
rCorr   .          Rampage  .   (no gloves)
Will    .....                   (no boots)
Stlth   ..........              (no amulet)
HPRegen 0.20/turn               e - +6 ring of dexterity
MPRegen 0.12/turn               (no ring)

@: glowing
A: sense surroundings 1, otherworldly, glowing, explore regen
a: Renounce Religion


You were on level 5 of the Dungeon.
You worshipped Makhleb.
Makhleb was noncommittal.
You visited 2 branches of the dungeon, and saw 7 of its levels.

You collected 173 gold pieces.

Inventory:

Hand Weapons
 a - a +1 war axe (weapon)
Armour
 b - a +0 scale mail (worn)
 c - a +0 buckler (worn)
Jewellery
 e - a +6 ring of dexterity (left hand)
Scrolls
 h - 2 scrolls of amnesia
 j - a scroll of immolation {unknown}
 l - a scroll of magic mapping {unknown}
 m - a scroll of poison {unknown}
 o - a scroll of fear
Potions
 d - a potion of might
 i - 2 potions of curing
 n - 2 potions of magic
 p - a potion of lignification {unknown}
 q - a potion of resistance {unknown}
 r - 2 potions of attraction {unknown}


   Skills:
 + Level 6.1 Fighting
 + Level 6.1 Axes
 - Level 4.0 Armour
 - Level 4.0 Shields
 + Level 3.4 Invocations


You had 6 spell levels left.
You didn't know any spells.
Your spell library contained the following spells:

 Spells                   Type           Power      Damage    Failure   Level
 Magic Dart               Conj           0%         1d3       83%         1
 Call Imp                 Summ           0%         N/A       93%         2
 Static Discharge         Conj/Air       0%         N/A       93%         2
 Mephitic Cloud           Conj/Pois/Air  0%         N/A       99%         3
 Dispel Undead            Necr           0%         3d6       100%        4
 Sticky Flame             Conj/Fire      0%         2d3       100%        4
 Dispersal                Tloc           0%         N/A       100%        6
 Disjunction              Tloc           0%         N/A       100%        8


Dungeon Overview and Level Annotations

Branches:
Dungeon (6/15)             Temple (1/1) D:4

Altars:
Dithmenos
Elyvilon
Fedhas
Makhleb
Qazlal
Ru
Xom

Annotations:
D:3 2 transporters, valliere's ghost, amateur OgMo


Innate Abilities, Weirdness & Mutations

You passively map a small area around you.
You are easily found by Zot.
You glow in the dark.
You regain HP and MP as you explore.


Message History

No target in view!
No target in view!
Okay, then.
A hornet comes into view.
Things that are here:
a +0 giant spiked club; an iguana corpse; an ogre corpse
Things that are here:
a +0 dagger; a +0 leather armour; an orc corpse The hornet buzzes angrily.
Okay, then.
As you read the scroll labelled TIUGUE MA QUNE, it crumbles to dust.
It is a scroll of enchant weapon.
Your +0 war axe glows red for a moment.
Blink to where?
Press: ? - help, Dir - move target
As you read the scroll labelled WIJ WUMIETSOIX, it crumbles to dust.
It was a scroll of blinking.
There is a stone staircase leading up here.
You climb upwards.
There is a stone staircase leading down here.
There is a stone staircase leading down here.
Found 15 gold pieces.
A two-headed ogre comes into view. It is wielding two +0 giant clubs.
Found 18 stones.
Okay, then.
You hit the two-headed ogre.
The two-headed ogre is lightly wounded.
You block the two-headed ogre's attack.
The two-headed ogre hits you with a +0 giant club.
You hit the two-headed ogre but do no damage.
The two-headed ogre is lightly wounded.
The two-headed ogre hits you with a +0 giant club!!!
Ouch! That really hurt!
* * * LOW HITPOINT WARNING * * *
The two-headed ogre closely misses you.
You hit the two-headed ogre.
The two-headed ogre is lightly wounded.
The two-headed ogre closely misses you.
The two-headed ogre hits you with a +0 giant club!
You die...

, #.......##.# #.
..###.........# #. *
,............#.###., # .
**#........##.#.##.# ..#
#...>....# ...... ,..
#.######.###..## *
,##.##.###......>...#
#.#.......#.##...#...###
#.....O@.<..##.........#
#.......#...###........#
#....$...........รท......
#(......#........#......
###........#######......
#...### ## ###.... ####
#(..# #..## #....


You could see a two-headed ogre.

Vanquished Creatures
  An ogre (D:6)
  A phantom (Temple)
  2 necrophages (D:5)
  A howler monkey (D:6)
  3 hounds
  A jelly (D:6)
  An iguana (D:6)
  4 adders
  An ufetubus (D:4)
  2 worms
  A dart slug (D:4)
  3 orcs
  6 endoplasms
  2 giant cockroaches (D:2)
  4 goblins
  2 hobgoblins
  2 quokkas (D:4)
  A ball python (D:1)
  A bat (D:1)
  A frilled lizard (D:2)
  4 kobolds
  A rat (D:2)
45 creatures vanquished.

Notes
Turn   | Place    | Note
-------+----------+-------------------------------------------
     0 | D:1      | testman the Meteoran Fighter began the quest for the Orb.
     0 | D:1      | Reached XP level 1. HP: 19/19 MP: 2/2
   156 | D:1      | Reached XP level 2. HP: 25/26 MP: 3/3
   226 | D:2      | Reached XP level 3. HP: 31/31 MP: 4/4
   248 | D:2      | Reached XP level 4. HP: 26/40 MP: 5/5
   434 | D:3      | Noticed an ogre
   435 | D:3      | Found a transporter.
   435 | D:3      | Noticed an ogre
   436 | D:3      | Found a transporter.
   436 | D:3      | Noticed valliere's ghost (amateur OgMo)
   437 | D:3      | Noticed an ogre
   675 | D:4      | Reached XP level 5. HP: 47/47 MP: 6/6
   737 | D:4      | Found a staircase to the Ecumenical Temple.
   740 | D:4      | Noticed a phantom
   751 | Temple   | Entered the Ecumenical Temple
   756 | Temple   | Killed a phantom
   757 | Temple   | Reached skill level 5 in Fighting
   757 | Temple   | Reached skill level 5 in Axes
   757 | Temple   | Reached XP level 6. HP: 56/56 MP: 7/7
   763 | Temple   | Became a worshipper of Makhleb the Destroyer
   880 | D:5      | Entered Level 5 of the Dungeon
   893 | D:5      | Reached skill level 1 in Invocations
   918 | D:5      | Reached XP level 7. HP: 55/60 MP: 9/9
  1246 | D:6      | Noticed a hornet
  1275 | D:5      | Noticed a two-headed ogre
  1280 | D:5      | Mangled by a two-headed ogre

Illustrated notes

Levels and vault maps discovered:
D:1:      minmay_arrival_loop, layout_loops_ring, minmay_pentomino_r2
D:2:      layout_rooms, basic_altar, serial_shops, shop
D:3:      layout_loops_corners, shapermc_ecumenical_altar_totnotflames,
          gammafunk_ghost_smash, minmay_misc_feat_pillars, kennysheep_donut,
          minmay_fractal_squares_5, uniq_terence
D:4:      layout_loops_ring, minmay_temple_entry_grid, uniq_blork_the_orc
D:5:      layout_loops_cross, minmay_statues_item
D:6:      layout_loops_cross
Temple:   nicolae_temple_the_god_donut

Skill      XL: |  1  2  3  4  5  6  7 |
---------------+----------------------+-----
Axes           | 3 4 5 6 |  6.1
Armour         | 4 |  4.0
Shields        | 4 |  4.0
Fighting       | 4 5 6 |  6.1
Invocations    | 2 3 |  3.4

Action                   |  1- 3 |  4- 6 |  7- 9 || total
-------------------------+-------+-------+-------++-------
Melee: War axe           |    36 |    76 |    27 ||   139
  Use: Scroll            |       |       |     7 ||     7
Armor: Scale mail        |    23 |    27 |     8 ||    58
Dodge: Dodged            |    16 |    36 |    10 ||    62
Block: Buckler           |    15 |    27 |     3 ||    45

Table legend: (Time is in decaauts)
 A = Elapsed time spent in this place.
 B = Non-inter-level travel time spent in this place.
 C = Inter-level travel time spent in this place.
 D = Time resting spent in this place.
 E = Time spent auto-exploring this place.
 F = Levels seen in this place.
 G = Mean time per level.
                   A        B        C        D        E       F      G
               +--------+--------+--------+--------+--------+-----+--------+
         Total |   1323 |   1246 |     77 |      0 |    533 |   7 |  189.0 |
       Dungeon |   1304 |   1227 |     77 |      0 |    533 |   6 |  217.3 |
        Temple |     19 |     19 |      0 |      0 |      0 |   1 |   19.0 |
               +--------+--------+--------+--------+--------+-----+--------+

Top non-repeatable levels by time:
     D:3: 311 daAuts
     D:4: 256 daAuts
     D:5: 222 daAuts
     D:6: 189 daAuts
     D:1: 181 daAuts
     D:2: 143 daAuts
  Temple: 19 daAuts
